 Dungeon Crawl Stone Soup version 0.13.0-6-g40e4d2d (webtiles) character file.

623 HungrySpirit the Cudgeler (level 6, 0/35 HPs)
             Began as a Gargoyle Enchanter on Oct 14, 2013.
             Killed by divine providence
             ... invoked by an orc priest
              (12 damage)
             ... on Level 4 of the Dungeon.
             The game lasted 00:07:16 (3273 turns).

HungrySpirit the Cudgeler (Gargoyle Enchanter)      Turns: 3273, Time: 00:07:16

HP   0/35        AC 17     Str 13      XL: 6   Next: 87%
MP   9/9         EV  2     Int 16      God:
Gold 217         SH  0     Dex 12      Spells:  1 memorised,  6 levels left

Res.Fire  : . . .   See Invis. : .   w - +0 flail
Res.Cold  : . . .   Warding    : .   h - +0 plate armour (curse)
Life Prot.: + . .   Conserve   : .   (no shield)
Res.Poison: +       Res.Corr.  : .   (no helmet)
Res.Elec. : +       Clarity    : +   (no cloak)
Sust.Abil.: . .     Spirit.Shd : .   (no gloves)
Res.Mut.  : .       Stasis     : .   (no boots)
Res.Rott. : +       Flight     : .   n - amulet of clarity {unknown}
Saprovore : . . .                    a - +2 ring of dexterity
                                     l - +2 ring of protection

@: slightly resistant to hostile enchantments, extremely unstealthy
A: fangs 1, talons 2, life protection 1, electricity resistance, slow metabolism
1, unbreathing, petrification resistance, AC +4
a: no special abilities


You were on level 4 of the Dungeon.
You were not hungry.

You visited 1 branch of the dungeon, and saw 4 of its levels.

You collected 197 gold pieces.

Inventory:

Hand weapons
 t - a +0,+0 mace
 w - a +0,+0 flail (weapon)
Missiles
 d - 12 darts (quivered)
Armour
 h - a cursed +0 plate armour (worn)
Comestibles
 f - 4 bread rations
 g - 2 apples
 q - a meat ration
 z - a rotting chunk of hobgoblin flesh
Scrolls
 e - 3 scrolls of remove curse {unknown}
 i - 4 scrolls of identify {unknown}
 j - 2 scrolls of teleportation {unknown}
 r - a scroll of curse jewellery {unknown}
 v - a scroll of enchant armour {unknown}
 x - a scroll of enchant weapon I {unknown}
 y - a scroll of enchant weapon II {unknown}
Jewellery
 a - a +2 ring of dexterity (right hand)
 l - a +2 ring of protection (left hand)
 n - an amulet of clarity (around neck) {unknown}
Potions
 b - a potion of brilliance {unknown}
 k - a potion of experience {unknown}
 m - 2 potions of might {unknown}
 o - 2 potions of curing {unknown}
 p - 2 potions of heal wounds {unknown}
 s - a potion of porridge {unknown}
 u - a potion of speed {unknown}
Books
 c - a book of Maledictions

   Spells                             Type                      Level
   *Corona                            Hexes                        1
   Sure Blade                         Hexes/Charms                 2
   Ensorcelled Hibernation            Hexes/Ice                    2
   Confuse                            Hexes                        3
   Enslavement                        Hexes                        4
   Invisibility                       Hexes                        6


   Skills:
 + Level 4.1 Fighting
   Level 0.8 Short Blades
 * Level 5.4 Maces & Flails
 - Level 1.0 Throwing
 - Level 1.8 Armour
 - Level 1.5 Dodging
 - Level 2.1 Stealth
 - Level 1.0 Spellcasting
 - Level 2.6 Hexes


You had 6 spell levels left.
You knew the following spells:

 Your Spells              Type           Power        Failure   Level  Hunger
a - Corona                Hex            #......      100%        1    ##.....


Dungeon Overview and Level Annotations

Branches:
Dungeon (4/27)
 Temple: D:4-7

Altars:
Ashenzari
Trog
Xom

Shops:
D:4 /

Annotations:
D:4 Grinder


Innate Abilities, Weirdness & Mutations

You are resistant to torment.
You are immune to poison.
Your stone body is very resilient (AC +4).
You have very sharp teeth.
You have razor-sharp toenails.
You resist negative energy.
You are resistant to electric shocks.
You have a slow metabolism.
You can survive without breathing.
You are immune to petrification.


Message History

No target in view!
You start resting.
There is a stone staircase leading up here.
You start resting.
The orc priest shouts!
The orc priest mumbles some strange prayers to Beogh against you.
Something smites you!
You see here an orcish club.
The orc priest hits you but does no damage.
You hit the orc priest.
You claw the orc priest, but do no damage.
Your bite misses the orc priest.
The orc priest is lightly wounded.
The orc priest hits you but does no damage.
You hit the orc priest but do no damage.
The orc priest is lightly wounded.
The orc priest hits you but does no damage.
The orc priest mumbles some strange prayers to Beogh against you.
Something smites you!
You die...

#.....##.'.........
#.....####....>.... #####
####.....# #......... #)..###
##.....#### ###.######
#...).####......#########....##
#...##..#..........##.#..)....#
########.#.........##.#.#.#####
#######..o..#..#.#.....#
#.@...#..#.#.###.#
######).........#...#.#
#...<.)....##.#####.#.#
#..........##.....#...#
#..........########'###
#...(......# #.## ##'#########
#..# #.###### ##.# #...>..# #.#


You could see an orc priest.

Vanquished Creatures
  The ghost of Sugram the Insei, an average OpMo (D:3)
  A giant frog (D:3)
  A hound (D:4)
  Crazy Yiuf (D:4)
  2 orc wizards (D:3)
  An iguana (D:4)
  3 adders
  A worm (D:3)
  5 giant geckos
  An ooze (D:2)
  17 orcs
  2 ball pythons (D:1)
  6 bats
  4 giant cockroaches
  10 goblins
  6 hobgoblins
  A quokka (D:2)
  2 giant newts
  4 kobolds
  8 rats
77 creatures vanquished.

Notes
Turn   | Place    | Note
--------------------------------------------------------------
     0 | D:1      | HungrySpirit, the Gargoyle Enchanter, began the quest for the Orb.
     0 | D:1      | Reached XP level 1. HP: 10/10 MP: 3/3
   125 | D:1      | Reached skill level 1 in Armour
   128 | D:1      | Reached XP level 2. HP: 13/15 MP: 4/4
   175 | D:1      | Reached skill level 1 in Fighting
   636 | D:2      | Found a shattered altar of Ashenzari.
   684 | D:2      | Reached XP level 3. HP: 19/19 MP: 5/5
  1392 | D:3      | Reached skill level 1 in Maces & Flails
  1417 | D:3      | Noticed Sugram's ghost (average OpMo)
  1425 | D:3      | Killed Sugram's ghost
  1425 | D:3      | Reached skill level 3 in Fighting
  1425 | D:3      | Reached XP level 4. HP: 18/24 MP: 7/7
  1425 | D:3      | Reached XP level 5. HP: 21/28 MP: 8/8
  1622 | D:3      | Found a bloodstained altar of Trog.
  1636 | D:3      | Found a shimmering altar of Xom.
  2157 | D:3      | Noticed a giant frog
  2168 | D:3      | Killed a giant frog
  2168 | D:3      | Reached skill level 4 in Maces & Flails
  2168 | D:3      | Reached XP level 6. HP: 21/34 MP: 9/9
  2703 | D:4      | Found Wysas' Magical Wand Shoppe.
  2776 | D:4      | Noticed Grinder
  2781 | D:4      | Paralysed by Grinder for 5 turns
  2868 | D:4      | Reached skill level 5 in Maces & Flails
  3028 | D:4      | Noticed Crazy Yiuf
  3040 | D:4      | Killed Crazy Yiuf
  3273 | D:4      | Killed from afar by an orc priest

Action                   |  1- 3 |  4- 6 || total
-------------------------+-------+-------++-------
Melee: Dagger            |    81 |       ||    81
       Club              |    36 |       ||    36
       Mace              |    12 |    41 ||    53
       Flail             |       |   108 ||   108
